 Dungeon Crawl Stone Soup version 0.28.0-43-g3370ac3207 (webtiles) character file.

Game seed: 11813856366456938674

18 choreboyy the Caller (level 2, -4/22 HPs)
             Began as a Demonspawn Wanderer on Mar 13, 2022.
             Was a Follower of Fedhas.
             Slain by an adder (5 damage)
             ... on level 2 of the Dungeon.
             The game lasted 00:04:03 (1835 turns).

choreboyy the Caller (Demonspawn Wanderer)          Turns: 1835, Time: 00:04:04

Health: -4/22      AC:  2    Str: 11    XL:     2   Next: 51%
Magic:  3/3        EV: 11    Int: 12    God:    Fedhas [*.....]
Gold:   26         SH:  4    Dex: 14    Spells: 2/3 levels left

rFire   + . .      SeeInvis .   a - +0 spear
rCold   + . .      Faith    .   b - +0 buckler
rNeg    . . .      Spirit   .   c - +0 robe
rPois   +          Reflect  .   (no helmet)
rElec   +          Harm     .   (no cloak)
rCorr   +          Rampage  .   (no gloves)
Will    .....                   (no boots)
Stlth   +.........              (no amulet)
HPRegen 0.07/turn               (no ring)
MPRegen 0.08/turn               (no ring)

@: resistant
A: ignite blood 1
a: Renounce Religion


You were on level 2 of the Dungeon.
You worshipped Fedhas.
Fedhas was aware of your devotion.
You visited 1 branch of the dungeon, and saw 2 of its levels.

You collected 26 gold pieces.

Inventory:

Hand Weapons
 a - a +0 spear (weapon)
Armour
 b - a +0 buckler (worn)
 c - a +0 robe (worn)
Magical Staves
 e - a staff of death
Scrolls
 d - 6 scrolls of identify {unknown}
 g - 3 scrolls of teleportation {unknown}
 h - a scroll of magic mapping {unknown}
 i - a scroll of vulnerability {unknown}
 j - a scroll of enchant weapon {unknown}


   Skills:
 + Level 1.9 Fighting
 - Level 1.0 Polearms
 - Level 1.0 Armour
 + Level 1.3 Dodging
 - Level 1.0 Shields
 - Level 1.0 Spellcasting
 - Level 4.0 Summonings
 - Level 1.0 Evocations


You had 2 spell levels left.
You knew the following spells:

 Your Spells              Type           Power      Damage    Failure   Level
a - Summon Small Mammal   Summ           40%        N/A       8%          1

Your spell library contained the following spells:

 Spells                   Type           Power      Damage    Failure   Level
 Call Imp                 Summ           10%        N/A       12%         2
 Call Canine Familiar     Summ           10%        N/A       24%         3
 Tukima's Dance           Hex            0%         N/A       77%         3
 Anguish                  Hex/Necr       0%         N/A       99%         4
 Enfeeble                 Hex            0%         N/A       100%        7


Dungeon Overview and Level Annotations

Branches:
Dungeon (2/15)

Altars:
Fedhas


Innate Abilities, Weirdness & Mutations

Your demonic aura sometimes causes spilled blood to erupt in flames.


Message History

An adder comes into view.
The frilled lizard hisses angrily.
You block the frilled lizard's attack. The adder bites you.
You miss the adder. The adder misses you. The adder barely misses you.
You miss the adder. The adder bites you.
You are poisoned.
The adder poisons you!
You barely miss the adder.
You feel sick. The adder closely misses you. The adder bites you.
You are more poisoned.
The adder poisons you!
You hit the adder but do no damage.
You feel sick. You block the adder's attack.
You barely miss the adder.
You feel very sick. You block the adder's attack. The adder barely misses you.
You closely miss the adder.
You feel sick.
The frilled lizard hisses angrily.
You block the adder's attack. You block the frilled lizard's attack.
You feel sick. The frilled lizard bites you.
* * * LOW HITPOINT WARNING * * *
You feel sick. The frilled lizard closely misses you. The adder misses you.
You feel sick.
It was a potion of resistance.
You feel protected.
You feel sick. The adder barely misses you.
You feel sick.
You are no longer poisoned.
The adder closely misses you.
You hit the adder.
The adder is lightly wounded.
The adder closely misses you.
You hit the adder.
The adder is moderately wounded.
The adder bites you.
* * * LOW HITPOINT WARNING * * *
The adder bites you.
You die...
Fedhas appreciates your contribution to the ecosystem.

...........#
....###.#.##
. #.#.###.#
#........
#.#.#####
#l### #l#
#####S#
#...@.#
#.##### #.#
#†# #.# #.#
#.# #.# #.#


You could see an adder and 2 frilled lizards.

Vanquished Creatures
  2 dart slugs (D:1)
  3 ball pythons
  A bat (D:1)
  2 goblins
  2 frilled lizards (D:1)
  3 kobolds
  A rat (D:1)
14 creatures vanquished.

Vanquished Creatures (collateral kills)
  A rat (D:1)
1 creature vanquished.

Grand Total: 15 creatures vanquished

Notes
Turn   | Place    | Note
-------+----------+-------------------------------------------
     0 | D:1      | choreboyy the Demonspawn Wanderer began the quest for the
                  | Orb.
     0 | D:1      | choreboyy set off with the following items: a +0 spear, a
                  | +0 buckler, a +0 robe; and the following spell memorised:
                  | Summon Small Mammal; and the following spells available to
                  | memorise: Call Imp, Call Canine Familiar
     0 | D:1      | Reached XP level 1. HP: 15/15 MP: 2/2
   272 | D:1      | Found a faded altar of an unknown god.
   282 | D:1      | Prayed at the altar of an unknown god.
   282 | D:1      | Became a worshipper of Fedhas Madash
   282 | D:1      | Reached * piety under Fedhas
   869 | D:1      | Reached skill level 1 in Dodging
   869 | D:1      | Gained mutation: Your demonic aura sometimes causes spilled
                  | blood to erupt in flames. [demonic ancestry]
   869 | D:1      | Reached XP level 2. HP: 9/22 MP: 3/3
  1835 | D:2      | HP: 1/22 [adder (1)]
  1835 | D:2      | Slain by an adder

Illustrated notes

Levels and vault maps discovered:
D:1:      minmay_arrival_five_plusses, layout_basic,
          dreamdust_ecumenical_altar_hidden_monk_grotto,
          chequers_serial_rivers_small_3, corexii_corridor_pit,
          chequers_serial_rivers_room_b
D:2:      layout_loops_ring, serial_shops, nicolae_shop_waterfront

Skill      XL: |  1 |
---------------+----+-----
Dodging        | 1 |  1.3
Fighting       | |  1.9
Polearms       | |  1.0
Armour         | |  1.0
Shields        | |  1.0
Spellcasting   | |  1.0
Summonings     | |  4.0
Evocations     | |  1.0

Action                   || total
-------------------------++-------
Melee: Spear             ||    58
 Cast: Summon Small Mamm ||     7
  Use: Potion            ||     1
Armor: Robe              ||     6
Dodge: Dodged            ||    30
Block: Buckler           ||    11
